 Dungeon Crawl Stone Soup version 0.26.1-11-gd32895ea62 (webtiles) character file.

Game seed: 13898187764077554898

1738 Zeld the Changer (level 9, 0/59 HPs)
             Began as an Octopode Transmuter on May 27, 2021.
             Was an Initiate of Gozag.
             Succumbed to Edmund's poison
             ... on level 6 of the Dungeon.
             The game lasted 00:10:22 (10399 turns).

Zeld the Changer (Octopode Transmuter)             Turns: 10399, Time: 00:10:22

Health: 0/59       AC:  2    Str: 12    XL:     9   Next: 5%
Magic:  10/18      EV: 15    Int: 16    God:    Gozag
Gold:   351        SH:  0    Dex: 12    Spells: 5/20 levels left

rFire    . . .     SeeInvis .     - Unarmed
rCold    . . .     Faith    .   (no shield)
rNeg     . . .     Spirit   .   i - +1 hat
rPois    .         Reflect  .   (no amulet)
rElec    .         Harm     .   (no ring)
rCorr    .         Rampage  .   (no ring)
Will     .....                  (no ring)
Stlth    ++........             (no ring)
HPRegen  0.19/turn              (no ring)
MPRegen  0.16/turn              (no ring)
                                (no ring)
                                (no ring)

@: lethally poisoned (0 -> -20), gold aura, berserk cooldown, slowed, very slow
A: almost no armour, stealthy swim, amphibious, 8 rings, constrict 8, camouflage
1, gelatinous body 1
a: Renounce Religion, Potion Petition, Call Merchant, Bribe Branch


You were on level 6 of the Dungeon.
You worshipped Gozag.
Gozag was aware of your devotion.
You visited 2 branches of the dungeon, and saw 7 of its levels.
You also visited: Ossuary.

You collected 758 gold pieces.
You spent 380 gold pieces at shops.
You paid 27 gold pieces to Gozag.

Inventory:

Armour
 i - a +1 hat (worn)
Jewellery
 b - an uncursed ring of wizardry {unknown}
 q - a +4 ring of protection {unknown}
 t - a cursed ring of teleportation {unknown}
 x - an uncursed ring of wizardry {unknown}
 B - a +4 ring of evasion
 C - a cursed +6 ring of intelligence {unknown}
Wands
 A - a wand of acid (4)
 D - a wand of disintegration (9)
Scrolls
 a - 5 scrolls of magic mapping
 c - a scroll of random uselessness {unknown}
 d - a scroll of amnesia {unknown}
 e - a scroll of noise {unknown}
 f - 4 scrolls of teleportation {unknown}
 g - 3 scrolls of enchant armour {unknown}
 h - 3 scrolls of remove curse {unknown}
 k - a scroll of immolation {unknown}
 l - 6 scrolls of identify {unknown}
 r - a scroll of fear {unknown}
 u - 2 scrolls of blinking {unknown}
 v - a scroll of torment {unknown}
 w - a scroll of enchant weapon {unknown}
 y - a scroll of fog {unknown}
Potions
 j - 2 potions of haste {unknown}
 m - 3 potions of brilliance {unknown}
 n - a potion of might {unknown}
 o - a potion of degeneration {unknown}
 p - 2 potions of attraction {unknown}
 s - a potion of berserk rage
 z - a potion of magic


   Skills:
 + Level 4.5 Fighting
 + Level 4.9 Dodging
 - Level 3.0 Unarmed Combat
 * Level 6.2 Spellcasting
 * Level 6.8 Transmutations


You had 5 spell levels left.
You knew the following spells:

 Your Spells              Type           Power        Failure   Level
a - Beastly Appendage     Tmut           52%          1%          1
b - Wereblood             Tmut           26%          1%          2
c - Spider Form           Tmut/Pois      7%           10%         3
d - Ice Form              Ice/Tmut       15%          32%         4
e - Blade Hands           Tmut           13%          22%         5

Your spell library contained the following spells:

 Spells                   Type           Power        Failure   Level


Dungeon Overview and Level Annotations

Branches:
Dungeon (6/15)             Temple (1/1) D:4         Ossuary (visited)

Altars:
Ashenzari
Cheibriados
Dithmenos
Elyvilon
Fedhas
Gozag
Hepliaklqana
Kikubaaqudgha
Nemelex Xobeh
Okawaru
Qazlal
Sif Muna
Uskayaw
Vehumet
Wu Jian
The Shining One

Shops:
D:4 (*!


Innate Abilities, Weirdness & Mutations

You cannot wear most types of armour.
You are very stealthy in the water. (Stealth+)
You are amphibious.
You can wear up to eight rings at the same time.
You can use your tentacles to constrict eight enemies at once.
Your skin changes colour to match your surroundings (Stealth+).
Your rubbery body absorbs attacks. (AC +1, EV +1)


Message History

You feel sick.
You have reached level 9!
Your experience leads to an increase in your attributes!
Increase (S)trength, (I)ntelligence, or (D)exterity?
You feel stronger.
There is a lethal amount of poison in your body!
There is a lethal amount of poison in your body!
There is a lethal amount of poison in your body!
* * * LOW HITPOINT WARNING * * *
You feel sick.
You feel a strong urge to attack something.
* * * LOW HITPOINT WARNING * * *
You feel sick.
* * * LOW HITPOINT WARNING * * *
You feel sick.
You feel your anger nearly subside.
You are no longer berserk.
You are exhausted.
You feel yourself slow down.
You die...
Your body crumbles into a pile of gold.

######...# .... ...........
.>.##...# ..........##########
...##.[.#...........##.......##
....+...#................?....#
....#...#...........$.).......#
...##..<##....###..$##........#
...##...##....###...##$.......#
................@...##.......##
....................##)......#
....................#.........#
....................#.........#
..............)...............#
.......[............)#.......##
........##.....##....# #
........##.....#≈≈####
........#.>....# ##


There were no monsters in sight!

Vanquished Creatures
  Edmund (D:6)
  A sky beast (D:4)
  2 ogres
  3 centaurs
  A bullfrog (D:6)
  An elf zombie (Ossuary)
  A scorpion (D:5)
  A water moccasin skeleton (D:5)
  A howler monkey (D:6)
  A gnoll shaman (D:5)
  A human zombie (Ossuary)
  3 hounds
  A jelly (D:5)
  2 orc priests
  4 orc wizards
  A bullfrog skeleton (D:6)
  Jessica (D:2)
  2 worker ants
  2 big kobold zombies (Ossuary)
  A hound skeleton (D:6)
  4 mummies (Ossuary)
  11 gnolls
  6 adders
  A white imp (D:3)
  3 ufetubi
  An ooze (D:3)
  A worm zombie (D:4)
  An adder zombie (D:6)
  3 worms
  A dart slug (D:2)
  5 leopard geckos
  13 orcs
  5 giant cockroaches
  8 goblins
  10 hobgoblins
  6 jackals
  6 kobolds
  A quokka (D:4)
  9 bats
  8 frilled lizards
  A giant cockroach zombie (D:5)
  A gnoll zombie (Ossuary)
  A goblin zombie (D:4)
  A jackal skeleton (D:4)
  A jackal zombie (Ossuary)
  A kobold zombie (Ossuary)
  3 orc zombies (Ossuary)
  7 rats
  2 rat zombies (Ossuary)
152 creatures vanquished.

Notes
Turn   | Place    | Note
-------+----------+-------------------------------------------
     0 | D:1      | Zeld the Octopode Transmuter began the quest for the Orb.
     0 | D:1      | Reached XP level 1. HP: 13/13 MP: 3/3
   493 | D:1      | Reached XP level 2. HP: 14/18 MP: 3/5
   496 | D:1      | Learned a level 2 spell: Wereblood
  1064 | D:1      | Reached XP level 3. HP: 23/23 MP: 4/6
  1068 | D:1      | Learned a level 3 spell: Spider Form
  1870 | D:2      | Noticed Jessica
  1878 | D:2      | Killed Jessica
  1879 | D:2      | Reached XP level 4. HP: 29/29 MP: 5/8
  3220 | D:2      | Reached XP level 5. HP: 26/34 MP: 9/9
  3231 | D:2      | Learned a level 4 spell: Ice Form
  5040 | D:3      | Reached XP level 6. HP: 41/41 MP: 8/11
  5169 | D:3      | Found an opulent altar of Gozag.
  5492 | D:3      | Found an iron altar of Okawaru.
  5492 | D:3      | Found a glowing golden altar of the Shining One.
  5492 | D:3      | Found a broken altar of Ashenzari.
  5511 | D:3      | Became a worshipper of Gozag Ym Sagoz the Greedy
  5948 | D:4      | Found Xusamy's Distillery.
  5955 | D:4      | Bought a potion of heal wounds for 50 gold pieces
  5955 | D:4      | Bought a potion of curing for 30 gold pieces
  5995 | D:4      | Found a sand-covered staircase.
  6055 | Ossuary  | Entered an ossuary
  6096 | Ossuary  | Reached XP level 7. HP: 41/45 MP: 11/13
  6751 | D:4      | Found Ywaor's Antique Weapon Shoppe.
  6846 | D:4      | Found a staircase to the Ecumenical Temple.
  6857 | Temple   | Entered the Ecumenical Temple
  7633 | D:4      | Found Zumyhidgh's Assorted Antiques.
  7639 | D:4      | Bought a scroll labelled IVVIGO VEWEPRU for 20 gold pieces
  7639 | D:4      | Bought a scroll labelled CUUF PAKHLUTHRA for 20 gold pieces
  7639 | D:4      | Bought a scroll labelled SASSISS RESAWU for 20 gold pieces
  7639 | D:4      | Bought a scroll labelled BAXU QEELIS for 20 gold pieces
  7639 | D:4      | Bought a scroll labelled TYTSUE BIATZ for 20 gold pieces
  7639 | D:4      | Bought a scroll labelled IVVIGO VEWEPRU for 20 gold pieces
  7639 | D:4      | Bought an encrusted steel ring for 100 gold pieces
  7918 | D:4      | Bought a potion of magic for 80 gold pieces
  7953 | D:5      | Entered Level 5 of the Dungeon
  8120 | D:5      | Reached skill level 5 in Transmutations
  8706 | D:4      | Reached skill level 5 in Spellcasting
  8706 | D:4      | Reached XP level 8. HP: 9/52 MP: 15/15
  9326 | D:5      | Found a snail-covered altar of Cheibriados.
  9624 | D:5      | Learned a level 5 spell: Blade Hands
 10372 | D:6      | Noticed Edmund
 10395 | D:6      | Killed Edmund
 10396 | D:6      | Reached XP level 9. HP: 5/59 MP: 10/18
 10396 | D:6      | HP: 4/88 [poisoned by Edmund]
 10399 | D:6      | Succumbed to Edmund's poison

Illustrated notes

Levels and vault maps discovered:
D:1:      nicolae_arrival_washed_ashore, layout_loops_corners
D:2:      layout_basic, uniq_jessica
D:3:      layout_rooms, grunt_temple_overflow_open, minmay_fractal_squares_5
D:4:      layout_loops_cross, minmay_temple_entry_grid, serial_shops, shop,
          shop, shop_fountains, enter_ossuary_3
D:5:      layout_cave_pools, cheibriados_altar_1
D:6:      layout_gridville, lemuel_round_altar, lightli_temple_of_fire,
          uniq_edmund
Temple:   chequers_temple_sunken

Skill      XL: |  1  2  3  4  5  6  7  8 |
---------------+-------------------------+-----
Transmutations | 3 4 5 6 |  6.8
Spellcasting   | 3 4 5 6 |  6.2
Fighting       | 2 3 4 |  4.5
Dodging        | 3 4 |  4.9
Unarmed Combat | |  3.0

Action                   |  1- 3 |  4- 6 |  7- 9 || total
-------------------------+-------+-------+-------++-------
Melee: Unarmed           |    68 |   196 |   186 ||   450
       Constrict         |    20 |    30 |    14 ||    64
       Tentacles         |    10 |    14 |    13 ||    37
       Kick              |     7 |    16 |     5 ||    28
       Punch             |       |     3 |       ||     3
 Cast: Beastly Appendage |    20 |    24 |     5 ||    49
       Spider Form       |       |     7 |    16 ||    23
       Wereblood         |       |     2 |       ||     2
       Ice Form          |       |     1 |     2 ||     3
       Blade Hands       |       |       |     7 ||     7
  Use: Scroll            |     1 |     1 |       ||     2
       Potion            |       |     2 |     5 ||     7
 Stab: Sleeping          |     5 |     2 |     1 ||     8
Armor: Skin              |     6 |    49 |    13 ||    68
Dodge: Dodged            |    58 |   171 |   190 ||   419
